General information
- name: grudge16
- type: Ladder 1vs1/FFA
- host: BEAR_AND
- saver: BEAR_AND
map: FrostedMeadows
- players: 3
- length: 04:14
- speed: Fast
- version: 1.21 W3XP
- replay type:

» download(14 KB)
Players
team 1 (loser)
WWGT]MekkaGobb (
green | 87 APM | 370 actions | 04:14)
1 Goblin Tinker
1 Pocket Factory
» actions
| Assign group hotkey | 24 | |
| Build / train | 21 | |
| ESC pressed | 3 | |
| Enter build submenu | 13 | |
| Enter hero's abilities submenu | 1 | |
| Right click | 131 | |
| Select / deselect | 90 | |
| Select group hotkey | 71 | |
| Use ability | 16 | |
370 total
» units
» upgrades
» buildings
| War Mill | 1 | |
| Orc Burrow | 2 | |
| Altar of Storms | 1 | |
| Barracks | 1 | |
| Stronghold | 2 | |
| Watch Tower | 6 | |
13 total
» build order
00:02 War Mill
00:10 Orc Burrow
00:51 Altar of Storms
01:34 Barracks
02:48 Orc Burrow
03:03 Stronghold
03:04 Stronghold
03:12 Watch Tower
03:26 Watch Tower
03:41 Watch Tower
03:54 Watch Tower
team 2 (loser)
wwgt]mongrethod (
red | 87 APM | 370 actions | 04:14)
2 Mountain King
1 Storm Bolt
1 Bash
» actions
| Assign group hotkey | 18 | |
| Basic commands | 28 | |
| Build / train | 20 | |
| Enter build submenu | 7 | |
| Enter hero's abilities submenu | 2 | |
| Right click | 72 | |
| Select / deselect | 73 | |
| Select group hotkey | 130 | |
| Use ability | 20 | |
370 total
» units
» buildings
| Altar of Kings | 1 | |
| Barracks | 1 | |
| Farm | 4 | |
| Scout Tower | 1 | |
| Arcane Tower | 1 | |
8 total
» build order
00:12 Altar of Kings
00:16 Barracks
00:21 Farm
00:59 Farm
01:38 Farm
01:49 Scout Tower
02:52 Farm
02:56 Arcane Tower
observersBEAR_AND Chat log
(00:06 / All) wwgt]mongrethod: where's the tavern at
(00:13 / All) WWGT]MekkaGobb: gl & hf
(00:17 / All) WWGT]MekkaGobb: swing low sweet chariot
(00:26 / All) wwgt]mongrethod: hf bih
(00:54 / All) wwgt]mongrethod: oh thoguht this was LT
(00:55 / All) wwgt]mongrethod: haha
(01:05 / All) WWGT]MekkaGobb: lol1!
(01:13 / All) wwgt]mongrethod: HAHA
(03:05 / All) wwgt]mongrethod: i just got gloves of haste
(03:10 / All) WWGT]MekkaGobb: spoilers
(04:10 / All) WWGT]MekkaGobb: hmm gg?